 Dungeon Crawl Stone Soup version 0.21.1-1-g345015f (webtiles) character file.

181 prawnwizard the Ducker (level 5, -8/37 HPs)
             Began as an Octopode Fighter on July 4, 2018.
             Mangled by bande's ghost (13 damage)
             ... on level 3 of the Dungeon.
             The game lasted 00:03:48 (3167 turns).

prawnwizard the Ducker (Octopode Fighter)           Turns: 3167, Time: 00:03:49

Health: -8/37      AC:  1    Str: 15    XL:     5   Next: 61%
Magic:  5/5        EV: 12    Int: 10    God:
Gold:   91         SH:  8    Dex: 13    Spells: 4/4 levels left

rFire    . . .     SeeInvis .     - Unarmed
rCold    . . .     Gourm    .   a - +0 shield
rNeg     . . .     Faith    .   (helmet restricted)
rPois    .         Spirit   .   (no amulet)
rElec    .         Reflect  .   (no ring)
rCorr    .         Harm     .   (no ring)
MR       .....                  (no ring)
Stlth    ++........             (no ring)
HPRegen  0.12/turn              (no ring)
MPRegen  0.09/turn              (no ring)
                                (no ring)
                                (no ring)

@: no status effects
A: almost no armour, stealthy swim, amphibious, 8 rings, constrict 8, camouflage
1, gelatinous body 1
a: no special abilities


You were on level 3 of the Dungeon.
You were not hungry.

You visited 1 branch of the dungeon, and saw 3 of its levels.

You collected 91 gold pieces.

Inventory:

Armour
 a - a +0 shield (worn)
Wands
 k - a wand of polymorph (8)
 o - a wand of disintegration (15)
Scrolls
 d - 3 scrolls of remove curse {unknown}
 e - a scroll of amnesia {unknown}
 f - a scroll of identify {unknown}
 i - a scroll of fear {unknown}
 j - a scroll of teleportation {unknown}
 n - a scroll of magic mapping {unknown}
 p - a scroll of enchant weapon {unknown}
Potions
 b - a potion of might
 g - a potion of magic {unknown}
 h - a potion of curing {unknown}
 l - a potion of flight {unknown}
Comestibles
 c - 7 rations
 m - a chunk of flesh


   Skills:
 + Level 3.9 Fighting
 + Level 4.0 Dodging
 - Level 3.1 Shields
 * Level 4.0 Unarmed Combat


You had 4 spell levels left.
You didn't know any spells.

Dungeon Overview and Level Annotations

Branches:
Dungeon (3/15)

Altars:

Annotations:
D:3 bande's ghost, amateur GrFi


Innate Abilities, Weirdness & Mutations

You cannot wear most types of armour.
You are very stealthy in the water. (Stealth+)
You are amphibious.
You can wear up to eight rings at the same time.
You can use your tentacles to constrict eight enemies at once.
Your skin changes colour to match your surroundings (Stealth+).
Your rubbery body absorbs attacks. (AC +1, EV +1)


Message History

Bande's ghost sneers, "Do you call that fighting?"
Some of the chunks of flesh in your inventory have rotted away.
Some of the chunks of flesh in your inventory have rotted away.
Bande's ghost whispers, "Trust me.
Just give in."
Bande's ghost whispers, "Death doesn't hurt.
What you feel is life."
You see here a morningstar.
There is a stone staircase leading up here.
You tentacle-slap bande's ghost but do no damage.
Bande's ghost hits you.
You tentacle-slap bande's ghost but do no damage.
You block bande's ghost's attack.
You bludgeon bande's ghost! Your squeeze misses bande's ghost.
Bande's ghost is moderately damaged.
Bande's ghost hits you!
You tentacle-slap bande's ghost but do no damage.
Bande's ghost is moderately damaged.
Bande's ghost hits you!
* * * LOW HITPOINT WARNING * * *
Bande's ghost hits you!
You die...

##########
#..W.oo...
#.########
#....#
###########)##
#@W.......#.#
#########.#.#
#......#.#
#.######.# #.#
#.# #.# #.#
#.# #.# #.#
#.# #.# #.#


You could see bande's ghost.

Vanquished Creatures
  Natasha (thrice) (D:2)
  A worker ant (D:3)
  2 adders
  2 worms (D:2)
  2 dart slugs (D:2)
  A leopard gecko (D:2)
  2 orcs (D:3)
  A ball python (D:1)
  A giant cockroach (D:3)
  4 hobgoblins
  5 jackals
  5 kobolds
  8 bats
  2 frilled lizards
  9 goblins
  A quokka skeleton (D:2)
  9 rats
58 creatures vanquished.

Notes
Turn   | Place    | Note
-------+----------+-------------------------------------------
     0 | D:1      | prawnwizard the Octopode Fighter began the quest for the Orb.
     0 | D:1      | Reached XP level 1. HP: 16/16 MP: 1/1
   106 | D:1      | Reached XP level 2. HP: 8/21 MP: 2/2
  1173 | D:2      | Reached XP level 3. HP: 26/26 MP: 3/3
  1546 | D:2      | Noticed Natasha
  1557 | D:2      | Killed Natasha
  1557 | D:2      | Reached XP level 4. HP: 16/31 MP: 4/4
  2049 | D:2      | Noticed Natasha
  2056 | D:2      | HP: 1/32 [Natasha (7)]
  2057 | D:2      | Killed Natasha
  2139 | D:2      | Noticed Natasha
  2541 | D:2      | Killed Natasha
  2541 | D:2      | Reached XP level 5. HP: 12/37 MP: 5/5
  3021 | D:3      | Noticed bande's ghost (amateur GrFi)
  3167 | D:3      | Mangled by bande's ghost

Skill      XL: |  1  2  3  4  5 |
---------------+----------------+-----
Unarmed Combat | 3 4 |  4.0
Dodging        | 4 |  4.0
Fighting       | |  3.9
Shields        | |  3.1

Action                   |  1- 3 |  4- 6 || total
-------------------------+-------+-------++-------
Melee: Unarmed           |    77 |    69 ||   146
       Constrict         |    19 |    19 ||    38
       Tentacles         |    15 |    13 ||    28
       Punch             |     1 |     1 ||     2
 Stab: Sleeping          |     4 |     5 ||     9
  Eat: Chunk             |     1 |     6 ||     7
Armor: Skin              |    11 |       ||    11
Dodge: Dodged            |    28 |    32 ||    60
Block: Shield            |    59 |    16 ||    75
